 Dungeon Crawl Stone Soup version 0.31.0-9-g3a7656b989 (webtiles) character file.

Game seed: 543044140657416988

54 qw the Shooter (level 3, 0/18 HPs)
             Began as a Spriggan Hunter on Feb 2, 2024.
             Succumbed to their own poison gas
             ... on level 2 of the Dungeon.
             The game lasted 00:00:04 (1143 turns).

qw the Shooter (Spriggan Hunter)                    Turns: 1143, Time: 00:00:04

Health: 0/18       AC:  4    Str:  7    XL:     3   Next: 66%
Magic:  4/4        EV: 24    Int: 10    God:
Gold:   107        SH:  0    Dex: 20    Spells: 2/2 levels left

rFire   . . .        a - +2 shortbow
rCold   . . .        (shield currently unavailable)
rNeg    . . .        c - +0 robe
rPois   .            (helmet restricted)
rElec   .            i - +1 cloak
rCorr   .            (gloves unavailable)
SInv    +            (boots unavailable)
Will    +....        (no amulet)
Stlth   ++           e - ring of willpower
HPRegen 0.23/turn    h - +5 ring of evasion
MPRegen 0.09/turn

%: no passive effects
@: lethally poisoned (0 -> -3), very quick
A: very small, no large weapons, unfitting armour, see invisible, speed 3
a: no special abilities


You were on level 2 of the Dungeon.
You visited 1 branch of the dungeon, and saw 2 of its levels.

You collected 107 gold pieces.


Innate Abilities, Weirdness & Mutations

You are very small and have problems with some larger weapons.
You are too small for most types of armour.
You have supernaturally acute eyesight. (SInv)
You cover ground extremely quickly. (Speed+++)


   Skills:
 - Level 1.5 Fighting
 + Level 4.7 Ranged Weapons
 - Level 4.3 Dodging
 - Level 1.5 Stealth


You had 2 spell levels left.
You didn't know any spells.
Your spell library was empty.

Inventory:

Hand Weapons
 a - a +2 shortbow (weapon)
Armour
 c - a +0 robe (worn)
 i - a +1 cloak (worn)
Jewellery
 e - a ring of willpower (left hand)
 h - a +5 ring of evasion (right hand)
Scrolls
 g - a scroll of teleportation

Dungeon Overview and Level Annotations

Branches:
Dungeon (2/15)

Altars:


Message History

1133 ||| READING scroll labelled ROCLUSI DOLLU.
The air fills with toxic fumes!
As you read the scroll labelled ROCLUSI DOLLU, it crumbles to dust.
It was a scroll of poison.
Done exploring.
1134 ||| READING scroll labelled TUHAC GUASE.
As you read the scroll labelled TUHAC GUASE, it crumbles to dust.
It is a scroll of identify.
You don't currently have any unidentified items.
Done exploring.
What level of the Dungeon? (default 2, ? - help) Sorry, I don't know how to get there.
Enter note:
Enter note:
Enter note:
Enter note:
Enter note:
Enter note:
Enter note:
Enter note:
Enter note: You are engulfed in poison gas.
You are lethally poisoned!
You feel very sick.
1136 ||| Stepping ~*~*~tactically~*~*~ (cloud).
You feel very sick.
There is a lethal amount of poison in your body!
You feel very sick.
There is a lethal amount of poison in your body!
You feel very sick.
There is a lethal amount of poison in your body!
You feel sick.
There is a lethal amount of poison in your body!
You feel sick.
There is a lethal amount of poison in your body!
You feel sick.
There is a lethal amount of poison in your body!
You feel sick.
There is a lethal amount of poison in your body!
You die...

<#
#.###.####.###
.# #.# #.# #0#
.# #.# #.# #¤#
.######.# #.#
#0# ........#
#.# #¤#
....##### #.#
#0# ....# #.#
#0# ....# #.#
#0# ##### ##.#
#@# ## #..#
#0# .# #.##
#¤# .# ##.#
#¤#
.########..#
#¤#
.#........##
###0#
.#.####...#
#.¤0#
##.###...##
#.###
#..)..#.# #.#


There were no monsters in sight!

Vanquished Creatures
  2 adders
  A dart slug (D:2)
  3 orcs (D:2)
  4 bats
  2 endoplasms (D:1)
  3 giant cockroaches
  3 goblins
  2 quokkas (D:2)
  4 ball pythons
  2 frilled lizards (D:1)
  4 rats (D:2)
30 creatures vanquished.

Notes
Turn   | Place    | Note
-------+----------+-------------------------------------------
     0 | D:1      | qw the Spriggan Hunter began the quest for the Orb.
     0 | D:1      | Reached XP level 1. HP: 10/10 MP: 2/2
     0 | D:1      | 0 ||| qw: Version: 0.3-a-155-g5e7d8dd
     0 | D:1      | 0 ||| qw: Game counter: 1316
     0 | D:1      | 0 ||| qw: Melee chars always use a shield: true
     0 | D:1      | 0 ||| qw: God list: Okawaru
     0 | D:1      | 0 ||| qw: Allow faded altars: false
     0 | D:1      | 0 ||| qw: Do Orc after clearing Dungeon:15 true
     0 | D:1      | 0 ||| qw: Do second Lair branch before Depths: true
     0 | D:1      | 0 ||| qw: Lair rune preference: random
     0 | D:1      | 0 ||| qw: Goals: Normal
     0 | D:1      | 0 ||| PLANNING D:1-11
    41 | D:1      | Reached skill level 3 in Dodging
   501 | D:1      | Reached XP level 2. HP: 14/14 MP: 3/3
   521 | D:1      | 521 ||| UPGRADING to ring of willpower.
   522 | D:1      | 522 ||| READING scroll labelled RARILURUIJUSS.
   523 | D:1      | 523 ||| READING scroll labelled FUNTEI VOGINU.
   523 | D:1      | 523 ||| ENCHANTING +0 shortbow.
   524 | D:1      | 524 ||| READING scroll labelled UTAUJOQ FURR.
   529 | D:1      | 529 ||| DROPPING scroll of butterflies.
   549 | D:2      | 549 ||| STAIRDANCE
   554 | D:2      | 554 ||| STAIRDANCE
   680 | D:2      | 680 ||| READING scroll of enchant weapon.
   680 | D:2      | 680 ||| ENCHANTING +1 shortbow.
   692 | D:2      | 692 ||| RETREEEEATING.
   694 | D:2      | 694 ||| RETREEEEATING.
   696 | D:2      | Reached XP level 3. HP: 18/18 MP: 4/4
  1125 | D:2      | 1125 ||| UPGRADING to +0 cloak.
  1130 | D:2      | 1130 ||| UPGRADING to +5 ring of evasion.
  1131 | D:2      | 1131 ||| READING scroll labelled MAC OSYL OTEL.
  1131 | D:2      | 1131 ||| ENCHANTING +0 cloak.
  1132 | D:2      | 1132 ||| READING scroll labelled UMORCH JUBB.
  1133 | D:2      | 1133 ||| READING scroll labelled ROCLUSI DOLLU.
  1134 | D:2      | 1134 ||| READING scroll labelled TUHAC GUASE.
  1136 | D:2      | 1136 ||| Stepping ~*~*~tactically~*~*~ (cloud).
  1140 | D:2      | HP: 3/18 [poisoned by you (poison gas)]
  1142 | D:2      | HP: 1/18 [poisoned by you (poison gas)]
  1143 | D:2      | Succumbed to their own poison gas

Levels and vault maps discovered:
D:1:      dpeg_arrival_fog, layout_basic
D:2:      layout_basic, minmay_misc_feat_roman, minmay_octomino_e4

Skill      XL: |  1  2 |
---------------+-------+-----
Dodging        | 3 4 |  4.3
Fighting       | |  1.5
Ranged Weapons | |  4.7
Stealth        | |  1.5

Action                     || total
---------------------------++-------
   Fire: Shortbow          ||    61
    Use: Scroll            ||     8
 Armour: Robe              ||     3
  Dodge: Dodged            ||    21

Table legend:
 A = Non-vault XP
 B = Vault XP
 C = Vault XP percentage of total XP
 D = Non-vault monster count
 E = Vault monster count
 F = Vault count percentage of total count
                 A         B        C        D         E       F
            +---------+---------+-------+---------+---------+-------
      Total |      73 |       5 |   6.4 |      27 |       3 |  10.0
            +---------+---------+-------+---------+---------+-------
        D:1 |      27 |       0 |   0.0 |       9 |       0 |   0.0
        D:2 |      46 |       5 |   9.8 |      18 |       3 |  14.3
            +---------+---------+-------+---------+---------+-------
